 Dungeon Crawl Stone Soup version 0.29-a0-1006-g0dd7720b37 (webtiles) character file.

Game seed: 5834734380993870196

16 Sabo the Digger (level 2, 24/24 HPs)
             Began as a Troll Earth Elementalist on Aug 6, 2022.
             Was a Follower of Trog.
             Got out of the dungeon alive.
             The game lasted 00:06:52 (1828 turns).

Sabo the Digger (Troll Earth Elementalist)          Turns: 1828, Time: 00:06:53

Health: 24/24      AC:  4    Str: 15    XL:     2   Next: 41%
Magic:  3/3        EV:  9    Int: 11    God:    Trog [*.....]
Gold:   27         SH:  0    Dex: 10    Spells: 2/3 levels left

rFire   . . .      SeeInvis .   c - +1 dagger (drain)
rCold   . . .      Faith    .   (no shield)
rNeg    . . .      Spirit   .   a - +0 robe
rPois   .          Reflect  .   (helmet restricted)
rElec   .          Harm     .   (no cloak)
rCorr   .          Rampage  .   (gloves unavailable)
Will    .....                   (boots unavailable)
Stlth   +.........              (no amulet)
HPRegen 0.88/turn               (no ring)
MPRegen 0.08/turn               (no ring)

@: no status effects
A: large, unfitting armour, claws 3, regeneration 1, shaggy fur 1, tough skin 1
a: Renounce Religion, Berserk


You escaped.
You worshipped Trog.
Trog was aware of your devotion.
You visited 1 branch of the dungeon, and saw 1 of its levels.

You collected 27 gold pieces.

Inventory:

Hand Weapons
 c - a +1 dagger of draining (weapon)
Armour
 a - a +0 robe (worn)
Scrolls
 e - a scroll of poison {unknown}
 f - a scroll of teleportation {unknown}
 g - a scroll of summoning {unknown}
 h - a scroll of acquirement {unknown}
Potions
 b - a potion of magic
 d - a potion of brilliance {unknown}


   Skills:
 + Level 1.7 Dodging
 + Level 1.1 Stealth
 - Level 1.4 Spellcasting
 - Level 0.6 Transmutations
 - Level 3.1 Earth Magic


You had 2 spell levels left.
You knew the following spells:

 Your Spells              Type           Power      Damage    Failure   Level
a - Sandblast             Erth           14%        2d6       9%          1

Your spell library contained the following spells:

 Spells                   Type           Power      Damage    Failure   Level
 Passwall                 Tmut/Erth      3%         N/A       22%         2
 Stone Arrow              Conj/Erth      8%         3d7       43%         3
 Petrify                  Tmut/Erth      4%         N/A       82%         4


Dungeon Overview and Level Annotations

Branches:
Dungeon (1/15)

Altars:
Trog


Innate Abilities, Weirdness & Mutations

You are too large for most types of armour.
You have claws for hands.
Your natural rate of healing is unusually fast.
You are covered in fur. (AC +1)
You have tough skin. (AC +1)


Message History

You see here a rat skeleton.
Casting: Sandblast (safe; 9% risk of failure)
Confirm with . or Enter, or press ? or * to list all spells.
Okay, then.
Found 2 gold pieces.
You now have 27 gold pieces (gained 2).
A goblin comes into view. It is wielding a +0 club.
You open the door.
There is an open door here.
Casting: Sandblast (safe; 9% risk of failure)
Confirm with . or Enter, or press ? or * to list all spells.
Casting this spell will place you under penance.
Really cast?
Okay, then.
The goblin hits you with a +0 club.
You hit the goblin.
You kill the goblin!
Trog accepts your kill.
You see here a +0 club.
There is an open door here.
You can't go down here!
You can't go up here!
As you open the door, it creaks loudly!
There is an open door here.
You aren't wearing any rings or amulets.
Okay, then.
Casting: Sandblast (safe; 9% risk of failure)
Confirm with . or Enter, or press ? or * to list all spells.
Okay, then.
You have 27 gold pieces.
Char dumped successfully.
Okay, then.
You aren't carrying any items that you can evoke.
There's nothing to close nearby.
Unknown command.
You open the door.
There is an open door here.
There is a staircase leading out of the dungeon here.
You can't go down here!
Are you sure you want to leave the Dungeon?
This will make you lose the game!
You have escaped!

# ###############.# #
#...........# #.# # #.###.#.###.#
#.# # #.#
#.#.###.###.############ #
###.###.#.#..................# #
#...#.......#.###.##########.# #
#.#.#.#.#.###..#...# #.# #
#.############'##### #.# #
#.#~~~≈≈~~~≈.@..♣♣♣♣ #.# #
#.'..~~≈~PP~~.....<♣♣ #.#
###....~~PPP~~~.P...♣# #.#
#♣....~~~PPP≈~.....### #.#
♣♣.....~~~~~≈~....'.# #.#
♣♣♣........~~≈~~~#.# #..
######'#########.# ###. ##.##
#.#.........# ##...
#########...###..........####....


There were no monsters in sight!

Vanquished Creatures
  2 ball pythons (D:1)
  2 endoplasms (D:1)
  A giant cockroach (D:1)
  3 goblins (D:1)
  A hobgoblin (D:1)
  A kobold (D:1)
  2 bats (D:1)
  A frilled lizard (D:1)
  2 rats (D:1)
15 creatures vanquished.

Vanquished Creatures (others)
  2 plants (D:1)
2 creatures vanquished.

Grand Total: 17 creatures vanquished

Notes
Turn   | Place    | Note
-------+----------+-------------------------------------------
     0 | D:1      | Sabo the Troll Earth Elementalist began the quest for the
                  | Orb.
     0 | D:1      | Reached XP level 1. HP: 16/16 MP: 1/1
   654 | D:1      | Reached skill level 3 in Earth Magic
   801 | D:1      | Reached XP level 2. HP: 24/24 MP: 0/3
  1531 | D:1      | Found a faded altar of an unknown god.
  1701 | D:1      | Prayed at the altar of an unknown god.
  1701 | D:1      | Became a worshipper of Trog the Wrathful
  1701 | D:1      | Reached * piety under Trog
  1828 | D:$      | Got out of the dungeon alive.

Illustrated notes

Levels and vault maps discovered:
D:1:      tarquinn_simple_flora_water_c, layout_loops_corners,
          dreamdust_ecumenical_altar_grove, chequers_serial_rivers_room_b,
          minmay_misc_feat_rows

Skill      XL: |  1 |
---------------+----+-----
Earth Magic    | 3 |  3.1
Dodging        | |  1.7
Stealth        | |  1.1
Spellcasting   | |  1.4
Transmutations | |  0.6

Action                   || total
-------------------------++-------
Melee: Dagger            ||    13
 Cast: Sandblast         ||    16
Armor: Robe              ||     6
Dodge: Dodged            ||    10

Table legend: (Time is in decaauts)
 A = Elapsed time spent in this place.
 B = Non-inter-level travel time spent in this place.
 C = Inter-level travel time spent in this place.
 D = Time resting spent in this place.
 E = Time spent auto-exploring this place.
 F = Levels seen in this place.
 G = Mean time per level.
                   A        B        C        D        E       F      G
               +--------+--------+--------+--------+--------+-----+--------+
         Total |   1843 |   1843 |      0 |    999 |      0 |   1 | 1843.0 |
       Dungeon |   1843 |   1843 |      0 |    999 |      0 |   1 | 1843.0 |
               +--------+--------+--------+--------+--------+-----+--------+

Top non-repeatable levels by time:
     D:1: 1843 daAuts
